 Dungeon Crawl Stone Soup version 0.27-a0-819-g058290f16d (webtiles) character file.

Game seed: 5115686526465691927

112 polve the Slasher (level 4, -6/35 HPs)
             Began as a Demonspawn Abyssal Knight on Mar 29, 2021.
             Was a Believer of Lugonu.
             Killed from afar by an orc wizard (8 damage)
             ... with a magic dart
             ... on level 3 of the Dungeon.
             The game lasted 00:01:48 (2574 turns).

polve the Slasher (Demonspawn Abyssal Knight)       Turns: 2574, Time: 00:01:49

Health: -6/35      AC:  3    Str: 14    XL:     4   Next: 64%
Magic:  5/5        EV: 11    Int: 13    God:    Lugonu [**....]
Gold:   99         SH:  0    Dex: 12    Spells: 3/3 levels left

rFire    . . .     SeeInvis +   a - +1 falchion
rCold    . . .     Faith    .   (no shield)
rNeg     . . .     Spirit   .   b - +0 leather armour
rPois    .         Reflect  .   (no helmet)
rElec    .         Harm     .   (no cloak)
rCorr    .         Rampage  .   (no gloves)
Will     .....                  (no boots)
Stlth    +.........             (no amulet)
HPRegen  0.11/turn              j - ring of see invisible
MPRegen  0.18/turn              (no ring)

@: brilliant
A: hooves 1, foul stench 1, magic regeneration
a: Renounce Religion, Depart the Abyss, Bend Space


You were on level 3 of the Dungeon.
You worshipped Lugonu.
Lugonu was pleased with you.
You visited 1 branch of the dungeon, and saw 3 of its levels.
You visited the Abyss 1 time.

You collected 99 gold pieces.

Inventory:

Hand Weapons
 a - a +1 falchion (weapon)
Armour
 b - a +0 leather armour (worn)
Jewellery
 j - a ring of see invisible (left hand)
Scrolls
 e - 2 scrolls of vulnerability {unknown}
 f - a scroll of teleportation {unknown}
 h - a scroll of acquirement {unknown}
 i - a scroll of immolation {unknown}
 k - a scroll of blinking {unknown}
Potions
 c - a potion of brilliance
 d - a potion of invisibility {unknown}
 g - a potion of attraction {unknown}


   Skills:
 - Level 3.0 Fighting
 + Level 4.5 Long Blades
 - Level 1.7 Armour
 - Level 0.8 Dodging
 - Level 2.4 Invocations


You had 3 spell levels left.
You didn't know any spells.
Your spell library was empty.

Dungeon Overview and Level Annotations

Branches:
Dungeon (3/15)

Altars:


Innate Abilities, Weirdness & Mutations

You have large cloven feet.
You may rarely emit foul miasma when damaged in melee.
You regenerate magic rapidly.


Message History

The orc barely misses you.
You riposte.
You barely miss the orc. You kick the orc.
The orc is severely wounded.
The orc hits you with a +0 club.
The orc wizard hits you with a +0 dagger.
You hit the orc wizard.
The orc wizard is heavily wounded.
The orc hits you with a +0 hand axe. The orc hits you with a +0 club.
The orc wizard gestures at you while chanting.
You resist with some effort.
You barely miss the orc wizard.
The orc wizard is heavily wounded.
The orc barely misses you. The orc hits you with a +0 club.
You emit a cloud of foul miasma!
The orc wizard hits you with a +0 dagger.
You hit the orc wizard but do no damage.
The orc wizard is heavily wounded.
The orc barely misses you.
The orc is engulfed in dark miasma.
The orc is poisoned.
You kill the orc!
Lugonu accepts your kill. The orc wizard closely misses you.
You riposte.
You hit the orc wizard.
The orc wizard is almost dead.
You closely miss the orc wizard.
The orc wizard is almost dead.
The orc misses you.
The orc wizard casts a spell at itself.
The orc wizard flickers and vanishes for a moment.
You hit the orc wizard. Your kick misses the orc wizard.
The orc wizard is almost dead.
The orc hits you with a +0 hand axe!
* * * LOW HITPOINT WARNING * * *
The orc wizard hits you with a +0 dagger.
* * * LOW HITPOINT WARNING * * *
It was a potion of brilliance.
You feel clever all of a sudden. The orc barely misses you.
The orc wizard points at you and mumbles some strange words.
The magic dart hits you!
You die...

###############
.......@o......
######o○#######
#..# #..# #.).
#..# #..# #..#


You could see an orc wizard (invisible) and an orc.

Vanquished Creatures
  An iron imp (Abyss:1)
  Natasha (D:2)
  An adder (D:2)
  A worm (D:2)
  2 dart slugs
  5 orcs
  4 bats
  An endoplasm (D:2)
  A giant cockroach (D:2)
  5 goblins
  4 hobgoblins (D:1)
  3 jackals (D:1)
  A ball python (D:1)
  2 frilled lizards
  5 kobolds (D:1)
  3 rats
40 creatures vanquished.

Notes
Turn   | Place    | Note
-------+----------+-------------------------------------------
     0 | Abyss:1  | polve the Demonspawn Abyssal Knight began the quest for the
                  | Orb.
     0 | Abyss:1  | Reached XP level 1. HP: 18/18 MP: 2/2
    50 | Abyss:1  | Noticed an iron imp
    63 | Abyss:1  | Killed an iron imp
    64 | Abyss:1  | Reached skill level 3 in Long Blades
    64 | Abyss:1  | Gained mutation: You may rarely emit foul miasma when
                  | damaged in melee. [demonic ancestry]
    64 | Abyss:1  | Reached XP level 2. HP: 2/24 MP: 3/3
   106 | Abyss:1  | Noticed a basilisk
   108 | D:1      | Escaped the Abyss
   347 | D:1      | Gained mutation: You regenerate magic rapidly. [demonic
                  | ancestry]
   347 | D:1      | Reached XP level 3. HP: 24/29 MP: 4/4
  1856 | D:2      | Reached ** piety under Lugonu
  2010 | D:2      | Reached skill level 4 in Long Blades
  2010 | D:2      | Gained mutation: You have large cloven feet. [demonic
                  | ancestry]
  2010 | D:2      | Reached XP level 4. HP: 20/35 MP: 5/5
  2280 | D:2      | Noticed Natasha
  2291 | D:2      | Killed Natasha
  2574 | D:3      | Killed from afar by an orc wizard

Illustrated notes

Levels and vault maps discovered:
D:1:      psy_arrival_radial02, layout_loops_ring, minivault_14,
          minmay_misc_feat_four_crosses, minivault_11
D:2:      layout_rooms, uniq_natasha
D:3:      layout_basic, chequers_ecumenical_altar_island, gammafunk_ghost_icy,
          xom_teletrap_fun

Skill      XL: |  1  2  3 |
---------------+----------+-----
Long Blades    | 3 4 |  4.5
Fighting       | |  3.0
Armour         | |  1.7
Dodging        | |  0.8
Invocations    | |  2.4

Action                   |  1- 3 |  4- 6 || total
-------------------------+-------+-------++-------
Melee: Falchion          |    83 |    34 ||   117
       Kick              |       |     9 ||     9
  Use: Potion            |       |     1 ||     1
Armor: Leather armour    |    17 |     7 ||    24
Dodge: Dodged            |    62 |    29 ||    91
       Rpst.: Falchion   |    12 |     9 ||    21

Table legend: (Time is in decaauts)
 A = Elapsed time spent in this place.
 B = Non-inter-level travel time spent in this place.
 C = Inter-level travel time spent in this place.
 D = Time resting spent in this place.
 E = Time spent auto-exploring this place.
 F = Levels seen in this place.
 G = Mean time per level.
                   A        B        C        D        E       F      G
               +--------+--------+--------+--------+--------+-----+--------+
         Total |   2606 |   2554 |     52 |      0 |   2204 |   4 |  651.5 |
       Dungeon |   2494 |   2442 |     52 |      0 |   2112 |   3 |  831.3 |
         Abyss |    111 |    111 |      0 |      0 |     91 |   1 |  111.0 |
               +--------+--------+--------+--------+--------+-----+--------+

Top non-repeatable levels by time:
     D:1: 1473 daAuts
     D:2: 1010 daAuts
 Abyss:1: 111 daAuts
     D:3: 10 daAuts
